 Dungeon Crawl Stone Soup version 0.28-a0-909-g796cbd3a86 (webtiles) character file.

Game seed: 3471302667253042557

127289 Willy the Spear-Bearer (level 16, -4/144 HPs)
             Began as a Minotaur Berserker on Nov 7, 2021.
             Was a Priest of Trog.
             Slain by a merfolk impaler (5 damage)
             ... on level 4 of the Shoals on Nov 24, 2021.
             The game lasted 04:17:46 (32508 turns).

Willy the Spear-Bearer (Minotaur Berserker)        Turns: 32508, Time: 04:17:47

Health: -4/144     AC: 28    Str: 31    XL:     16   Next: 45%
Magic:  15/15      EV: 13    Int: 15    God:    Trog [***...]
Gold:   740        SH: 18    Dex: 11    Spells: 15/15 levels left

rFire   + + .      SeeInvis +   r - +7 demon trident (venom)
rCold   x . .      Faith    .   I - +2 kite shield
rNeg    . . .      Spirit   .   O - +7 fire dragon scales of the Gravedigger {rF++ rC- rCorr Str+3 Slay-2}
rPois   .          Reflect  +   u - +2 hat
rElec   +          Harm     .   z - +1 cloak
rCorr   +          Rampage  .   P - +2 pair of gloves {Dex+3}
Will    +++..                   k - +0 pair of boots
Stlth   ..........              p - amulet of reflection
HPRegen 1.34/turn               x - ring of Scepticism {rElec Str+2 Slay+4}
MPRegen 0.14/turn               H - ring "Judwa" {rElec Str+2 Int+6 Dex-2 SInv}

@: lethally poisoned (-4 -> -18), strong-willed, regenerating, hasted, slow
A: horns 2, retaliatory headbutt
a: Renounce Religion, Berserk, Trog's Hand


You were on level 4 of the Shoals.
You worshipped Trog.
Trog was most pleased with you.
You visited 5 branches of the dungeon, and saw 23 of its levels.
You visited the Abyss 1 time.
You also visited: Ossuary, Bailey and Ice Cave.

You collected 2100 gold pieces.
You spent 1360 gold pieces at shops.

Inventory:

Hand Weapons
 c - the +1 broad axe "Degh" {holy, Fly}
   (You found it on level 8 of the Dungeon)

   It has been blessed by the Shining One to cause great damage to the undead
   and demons.
   Fly:       It grants you flight.
 d - the +4 flail "Focomam" {freeze, rC+ Str+4}
   (You found it on level 8 of the Dungeon)

   It freezes those it strikes, dealing additional cold damage.
   It can also slow down cold-blooded creatures.
   Str:       It affects your strength (+4).
   rC:        It protects you from cold.
 e - a +3 antimagic broad axe
 r - a +7 demon trident of venom (weapon)
 y - a +2 hunting sling of freezing
Missiles
 b - 3 silver javelins
 f - 704 stones
 g - 5 throwing nets
 l - 170 sling bullets
 t - 26 boomerangs
 v - 3 curare-tipped darts
 E - 7 javelins
 Q - 20 poisoned darts (quivered)
 V - 3 silver boomerangs
Armour
 k - a +0 pair of boots (worn)
 u - a +2 hat (worn)
 z - a +1 cloak (worn)
 I - a +2 kite shield (worn)
 O - the +7 fire dragon scales of the Gravedigger (worn) {rF++ rC- rCorr Str+3 Slay-2}
   (You found it in a bailey)

   Str:       It affects your strength (+3).
   Slay:      It affects your accuracy & damage with ranged weapons and melee
   (-2).
   rF:        It greatly protects you from fire.
   rC:        It makes you vulnerable to cold.
   rCorr:     It protects you from acid and corrosion.
 P - a +2 pair of gloves of dexterity (worn)
Jewellery
 o - a +6 ring of strength
 p - an amulet of reflection (around neck)
 x - the ring of Scepticism (left hand) {rElec Str+2 Slay+4}
   (You acquired it on level 4 of the Dungeon)

   [ring of slaying]

   Str:       It affects your strength (+2).
   Slay:      It affects your accuracy & damage with ranged weapons and melee
   (+4).
   rElec:     It insulates you from electricity.
 D - a ring of ice
 H - the ring "Judwa" (right hand) {rElec Str+2 Int+6 Dex-2 SInv}
   (You bought it in a shop on level 2 of the Orcish Mines)

   [ring of intelligence]

   Str:       It affects your strength (+2).
   Int:       It affects your intelligence (+6).
   Dex:       It affects your dexterity (-2).
   rElec:     It insulates you from electricity.
   SInv:      It lets you see invisible.
Wands
 s - a wand of digging (5)
 K - a wand of iceblast (23)
 L - a wand of polymorph (11)
 M - a wand of acid (21)
 N - a wand of flame (27)
 R - a wand of paralysis (10)
Scrolls
 j - 5 scrolls of immolation
 n - 4 scrolls of fog
 w - 8 scrolls of teleportation
 G - 2 scrolls of fear
 T - a scroll of silence
 U - 2 scrolls of magic mapping
 Y - 2 scrolls of summoning
Potions
 a - a potion of invisibility {unknown}
 m - 3 potions of lignification
 q - 7 potions of curing
 B - 4 potions of might
 J - 3 potions of cancellation
 W - 2 potions of ambrosia
 X - 3 potions of mutation
Miscellaneous
 F - a phial of floods
 Z - a tin of tremorstones (inert)


   Skills:
 * Level 13.3 Fighting
 * Level 13.1(15.5) Axes
 + Level 2.2(8.7) Maces & Flails
 * Level 13.4(15.6) Polearms
 * Level 13.0(14.6) Slings
 * Level 10.0(12.5) Throwing
 * Level 11.5 Armour
 * Level 10.2 Dodging
 * Level 11.7 Shields
 * Level 8.4 Evocations


You had 15 spell levels left.
You didn't know any spells.
Your spell library was empty.

Dungeon Overview and Level Annotations

Branches:
Dungeon (10/15)            Temple (1/1) D:4            Lair (6/6) D:8
 Shoals (4/4) Lair:3        Snake (0/4) Lair:3        Slime (0/5) Lair:6
    Orc (2/2) D:10            Elf (0/3) Orc:2       Ossuary (visited)
 Bailey (visited)           IceCv (visited)

Altars:
Ashenzari
Cheibriados
Dithmenos
Elyvilon
Fedhas
Gozag
Hepliaklqana
Kikubaaqudgha
Makhleb
Nemelex Xobeh
Okawaru
Qazlal
Ru
Sif Muna
Trog
Uskayaw
Vehumet
Wu Jian
Xom
Yredelemnul
Zin
The Shining One
Beogh

Shops:
D:6 :   D:8 (   Orc:2 [(=*   Shoals:1 *

Annotations:
Shoals:4 Polyphemus


Innate Abilities, Weirdness & Mutations

You have a pair of horns on your head.
You reflexively headbutt those who attack you in melee.


Message History

You impale the merfolk aquamancer!!
Your headbutt misses the merfolk aquamancer.
The merfolk aquamancer is severely wounded.
You block the merfolk aquamancer's attack.
You block the merfolk impaler's attack.
Your unstable footing causes you to fumble your attack.
The merfolk impaler barely misses you.
The merfolk aquamancer hits you with a +4 rapier of venom.
You are poisoned.
You feel very sick.
Something touches the plant.
The plant begins to die.
Something hits the plant!!
You block the merfolk impaler's attack.
A water nymph comes into view.
The merfolk impaler completely misses you.
The merfolk hits you from afar with a +0 trident of venom.
You are more poisoned.
Something hits the plant!
You feel yourself speed up.
You feel very sick. You block the merfolk impaler's attack.
The merfolk aquamancer hits you with a +4 rapier of venom.
You are more poisoned.
The satyr shoots a sling bullet.
You reflect the sling bullet off an invisible shield around you!
The sling bullet hits the satyr!!
A merfolk avatar comes into view.
The merfolk impaler hits you with a +0 trident of flaming.
The merfolk hits you but does no damage.
You are more poisoned.
Something hits the plant!
You feel as though your hastened speed will last longer.
You feel very sick.
The merfolk aquamancer completely misses you.
The satyr plays a lulling melody on his pipes!
You fall asleep.
The merfolk impaler hits you with a +0 trident of flaming!!!
You wake up.
* * * LOW HITPOINT WARNING * * *
The merfolk impaler burns you.
You die...

##m#. ≈ ≈≈. .... ≈≈
≈≈#... ....≈≈H.# ≈≈≈
≈≈≈.. ..≈≈≈≈≈≈#P. ≈≈≈≈
≈..####≈≈≈m≈≈≈≈≈P ≈≈≈≈≈
PP≈P≈##.≈≈≈≈m≈≈≈≈
≈≈≈≈≈≈##≈.PP≈.≈§≈≈≈≈≈≈≈≈
≈.≈
≈≈≈≈≈mm@m≈Pm.≈§§§tc≈≈≈≈≈
≈≈≈
≈≈≈≈≈P#≈≈$≈≈≈≈§§§§≈≈≈≈P≈
... ≈≈≈≈#
#m≈≈≈≈###§§cc≈t≈≈P .#
≈≈≈ ≈≈≈.}≈≈≈ct§kcmtm≈≈≈
.# ≈
###≈....#t#c§.m...≈≈ ###
≈≈....#PP§.m.((.<≈ ...
≈≈≈P....t...cmm.≈≈≈ ...
≈≈PPP.##.......≈≈≈≈ ...
≈≈≈PPP.P........≈m≈≈


You could see a merfolk avatar, a merfolk impaler, a satyr, a merfolk
aquamancer, 2 snapping turtles, a merfolk and 2 water nymphs.

Vanquished Creatures
  Rupert (Lair:6)
  Roxanne (Shoals:3)
  A fenstrider witch (Shoals:3)
  An orc warlord (Orc:1)
  The ghost of Qaid Lyn the Severer, a journeyman MiTm of Hepliaklqana (Orc:1)
  8 merfolk impalers
  A merfolk javelineer (Shoals:3)
  A fire dragon (Lair:6)
  Harold (D:7)
  7 hydras
  3 boulder beetles
  A catoblepas (Lair:4)
  2 merfolk aquamancers (Shoals:4)
  2 two-headed ogres
  A satyr (Shoals:4)
  2 merfolk avatars
  2 orc high priests (Orc:2)
  Urug (Lair:6)
  4 death yaks (Lair:6)
  8 sea snakes
  20 harpies
  5 lindwurms
  A necromancer (IceCv)
  8 orc knights
  5 fauns
  4 orc sorcerers
  A wolf spider (Orc:1)
  2 cyclopes
  13 manticores
  7 elephants
  8 merfolk sirens
  An ice statue (IceCv)
  3 water nymphs
  4 black mambas
  A torpor snail (Lair:5)
  3 molten gargoyles (Lair:6)
  12 cane toads
  4 rime drakes
  2 freezing wraiths (IceCv)
  18 komodo dragons
  An unseen horror (D:10)
  7 ice devils (IceCv)
  4 anaconda simulacra (IceCv)
  3 entropy weaver simulacra (IceCv)
  2 trolls (Orc:2)
  6 wind drakes
  A polar bear (Lair:1)
  26 merfolk
  21 blink frogs
  16 dream sheep
  6 snapping turtles
  A redback (Orc:1)
  A wraith (Lair:6)
  42 yaks
  A shadow (D:10)
  5 wyverns
  A dire elephant simulacrum (IceCv)
  3 water elementals
  2 tarantellas (Orc:1)
  2 basilisks
  4 death yak simulacra (IceCv)
  4 steam dragons
  8 wargs
  A harpy simulacrum (IceCv)
  An acid dragon (D:10)
  18 water moccasins
  4 hell hounds (Lair:6)
  A small abomination (Abyss:2)
  30 orc warriors
  3 black bears
  2 necrophages
  12 ogres
  A sky beast (D:6)
  42 wolves
  5 centaurs
  The ghost of BlueGoblin the Conjurer, an amateur TeCj (D:3)
  A gnoll sergeant (D:8)
  11 bullfrogs
  5 cane toad simulacra
  A scorpion (D:4)
  A two-headed ogre simulacrum (IceCv)
  A water moccasin skeleton (D:4)
  2 elephant simulacra (IceCv)
  10 killer bees
  2 howler monkeys
  A vampire bat (Lair:5)
  5 lava snakes (Lair:6)
  A crimson imp (D:8)
  9 centaur zombies
  A hound (D:4)
  A human zombie (Ossuary)
  10 orc priests
  A centaur skeleton (D:7)
  2 jellies
  4 bullfrog skeletons
  4 iguanas
  Natasha (D:2)
  19 orc wizards
  3 polar bear simulacra
  A wolf simulacrum (IceCv)
  A killer bee zombie (D:7)
  2 mummies (Ossuary)
  Robin (D:3)
  4 adders
  7 gnolls
  A howler monkey skeleton (D:4)
  A naga simulacrum (IceCv)
  A white imp (IceCv)
  3 adder zombies (Ossuary)
  3 worms (D:2)
  2 dart slugs
  78 orcs
  7 endoplasms
  A giant cockroach (D:3)
  16 goblins
  13 hobgoblins
  4 kobolds
  A quokka (D:1)
  4 ball pythons
  13 bats
  3 frilled lizards
  12 hobgoblin zombies (Ossuary)
  3 jackal zombies (Ossuary)
  5 kobold zombies (Ossuary)
  8 orc zombies (Ossuary)
  8 rats
  2 rat zombies (Ossuary)
  A fungus (Lair:6)
761 creatures vanquished.

Vanquished Creatures (collateral kills)
  An orc warlord (Orc:1)
  Josephine (Lair:6)
  A hydra (Lair:6)
  A centaur warrior (D:8)
  A satyr (Shoals:3)
  A two-headed ogre (D:10)
  An orc sorcerer (Orc:1)
  2 fauns (Shoals:3)
  A manticore (Shoals:2)
  A black mamba (Lair:6)
  A merfolk siren (Shoals:2)
  A rime drake (Lair:2)
  4 ice devils (IceCv)
  3 merfolk
  2 dream sheep (Lair:6)
  3 wraiths (Lair:6)
  2 wyverns
  2 death yak simulacra (IceCv)
  3 basilisks
  A harpy simulacrum (IceCv)
  A warg (Orc:2)
  2 orc warriors
  2 cane toad simulacra (Lair:6)
  2 elephant simulacra (IceCv)
  A centaur skeleton (D:7)
  4 polar bear simulacra (IceCv)
  2 spriggan simulacra (IceCv)
  A troll simulacrum (IceCv)
  2 orcs
50 creatures vanquished.

Vanquished Creatures (others)
  A manticore (Shoals:2)
  A bush (Lair:6)
  5 demonic plants (D:2)
  33 fungi
  130 plants
  2 withered plants (D:2)
172 creatures vanquished.

Grand Total: 983 creatures vanquished

Notes
Turn   | Place    | Note
-------+----------+-------------------------------------------
     0 | D:1      | Willy the Minotaur Berserker began the quest for the Orb.
     0 | D:1      | Reached XP level 1. HP: 19/19 MP: 0/0
   271 | D:1      | Reached XP level 2. HP: 27/27 MP: 1/1
   781 | D:2      | Found a glowing golden altar of the Shining One.
   925 | D:2      | Reached ** piety under Trog
   974 | D:2      | Reached XP level 3. HP: 31/33 MP: 2/2
  1229 | D:2      | Noticed Natasha
  1233 | D:2      | Killed Natasha
  1234 | D:2      | Reached skill level 1 in Axes
  1234 | D:2      | Reached skill level 1 in Slings
  1234 | D:2      | Reached skill level 1 in Shields
  1293 | D:2      | Found a faded altar of an unknown god.
  1431 | D:2      | Reached skill level 1 in Throwing
  1431 | D:2      | Reached XP level 4. HP: 40/40 MP: 3/3
  1724 | D:3      | Noticed Robin
  1908 | D:3      | Killed Robin
  1941 | D:3      | Cast into level 2 of the Abyss (unwielding a weapon of
                  | distortion)
  1942 | Abyss:2  | Found a corrupted altar of Lugonu.
  1968 | Abyss:2  | Noticed a small abomination
  1979 | Abyss:2  | Killed a small abomination
  1980 | Abyss:2  | Reached skill level 1 in Evocations
  1980 | Abyss:2  | Reached XP level 5. HP: 44/46 MP: 4/4
  1985 | D:3      | Escaped the Abyss
  2116 | D:3      | Found an iron altar of Okawaru.
  2324 | D:3      | Reached XP level 6. HP: 27/52 MP: 5/5
  2817 | D:3      | Found a runed translucent gate.
  2818 | D:3      | Found a runed translucent gate.
  2818 | D:3      | Noticed BlueGoblin's ghost (amateur TeCj)
  2820 | D:3      | Found a runed translucent gate.
  2856 | D:3      | Reached skill level 5 in Polearms
  3074 | D:3      | Killed BlueGoblin's ghost
  3075 | D:3      | Reached XP level 7. HP: 59/59 MP: 6/6
  3131 | D:4      | Reached *** piety under Trog
  3295 | D:4      | Identified 2 scrolls of acquirement
  3296 | D:4      | Acquired the ring of Scepticism {rElec Str+2 Slay+4}
  3299 | D:4      | Acquired the +0 hat "Semeaji" {rF+ Str-3 Dex+3}
  3402 | D:4      | Found a staircase to the Ecumenical Temple.
  3431 | Temple   | Entered the Ecumenical Temple
  3583 | D:4      | Found a glowing golden altar of the Shining One.
  3702 | D:4      | Reached XP level 8. HP: 67/67 MP: 7/7
  3844 | D:5      | Entered Level 5 of the Dungeon
  4106 | D:5      | Reached skill level 5 in Armour
  4320 | D:5      | Found a glowing silver altar of Zin.
  4561 | D:5      | Reached skill level 5 in Axes
  4709 | D:6      | Found Laellato's Book Shop.
  4709 | D:6      | Found a snail-covered altar of Cheibriados.
  4802 | D:6      | Found a sand-covered staircase.
  4810 | Ossuary  | Entered an ossuary
  4859 | Ossuary  | Reached **** piety under Trog
  5030 | Ossuary  | Reached skill level 5 in Fighting
  5036 | Ossuary  | Reached skill level 5 in Slings
  5153 | D:6      | Reached XP level 9. HP: 74/74 MP: 8/8
  5319 | D:6      | Reached ***** piety under Trog
  5539 | D:6      | Found a sparkling altar of Nemelex Xobeh.
  5598 | D:7      | Found a flagged portal.
  5627 | Bailey   | Entered a bailey
  5900 | Bailey   | Noticed an orc knight
  5900 | Bailey   | Noticed an orc knight
  5900 | Bailey   | Noticed an orc knight
  5983 | Bailey   | Killed an orc knight
  6008 | Bailey   | Killed an orc knight
  6008 | Bailey   | Received a gift from Trog
  6030 | Bailey   | Killed an orc knight
  6031 | Bailey   | Reached skill level 5 in Throwing
  6043 | Bailey   | Identified the +7 fire dragon scales of the Gravedigger
                  | {rF++ rC- rCorr Str+3 Slay-2}
  6273 | D:7      | Found a white marble altar of Elyvilon.
  6463 | D:7      | Noticed Harold
  6470 | D:7      | Killed Harold
  6471 | D:7      | Reached XP level 10. HP: 83/83 MP: 3/9
  6969 | D:7      | Reached skill level 5 in Dodging
  6973 | D:7      | Reached skill level 5 in Shields
  7374 | D:8      | Identified the +4 flail "Focomam" {freeze, rC+ Str+4}
  7466 | D:8      | Found Osuise's Weapon Shoppe.
  7471 | D:8      | Identified the +3 leather armour of the Ninety-Nine Hells
                  | {rElec rF- rCorr SInv}
  7744 | D:8      | Found a burning altar of Makhleb.
  7854 | D:8      | Found a staircase to the Lair.
  7934 | D:8      | Found a broken altar of Ashenzari.
  8100 | D:8      | Noticed a centaur warrior
  8120 | D:8      | Killed a centaur warrior
  8147 | D:8      | Noticed a two-headed ogre
  8159 | D:8      | Killed a two-headed ogre
  8242 | D:8      | Identified the +1 broad axe "Degh" {holy, Fly}
  8942 | D:9      | Found a shimmering blue altar of Sif Muna.
  8999 | D:10     | Entered Level 10 of the Dungeon
  9001 | D:10     | Noticed a two-headed ogre
  9006 | D:10     | Killed a two-headed ogre
  9092 | D:10     | Found a staircase to the Orcish Mines.
  9128 | D:10     | Reached XP level 11. HP: 90/91 MP: 10/10
  9308 | D:10     | Noticed a two-headed ogre
  9324 | D:10     | Killed a two-headed ogre
  9793 | D:10     | Identified the +7 arbalest of Untruth {elec, Int+2}
  9887 | Orc:1    | Entered Level 1 of the Orcish Mines
 10065 | Orc:2    | Entered Level 2 of the Orcish Mines
 10065 | Orc:2    | Noticed an orc knight
 10066 | Orc:2    | Noticed an orc high priest
 10073 | Orc:2    | Noticed a sun demon
 10074 | Orc:2    | Noticed a sun demon
 10091 | Orc:1    | Killed an orc knight
 10359 | Orc:2    | Noticed a boulder beetle
 10606 | Orc:2    | Killed a boulder beetle
 10609 | Orc:2    | Noticed a soul eater
 10802 | Orc:2    | Killed an orc high priest
 10973 | Orc:2    | Found a staircase to the Elven Halls.
 11021 | Orc:2    | Noticed an orc knight
 11039 | Orc:2    | Killed an orc knight
 11046 | Orc:2    | Noticed an orc knight
 11278 | Orc:1    | Killed an orc knight
 11279 | Orc:1    | Reached skill level 1 in Maces & Flails
 11279 | Orc:1    | Reached skill level 5 in Evocations
 11485 | Orc:2    | Noticed an orc sorcerer
 11497 | Orc:2    | Killed an orc sorcerer
 11522 | Orc:2    | Noticed an orc high priest
 11526 | Orc:2    | Noticed a soul eater
 11534 | Orc:2    | Noticed an orc warlord
 11538 | Orc:2    | Noticed a sixfirhy
 11779 | Orc:2    | Killed an orc high priest
 11783 | Orc:2    | Noticed an orc knight
 11785 | Orc:2    | Noticed an orc sorcerer
 12184 | Lair:1   | Entered Level 1 of the Lair of Beasts
 12196 | D:8      | Reached XP level 12. HP: 92/101 MP: 3/11
 13523 | Lair:1   | Found a burning altar of Makhleb.
 14180 | Lair:2   | Reached skill level 10 in Axes
 14687 | Lair:2   | Reached skill level 10 in Slings
 15731 | Lair:2   | Reached XP level 13. HP: 102/111 MP: 12/12
 16009 | Lair:2   | Identified the +2 ring mail of the Several Ultimatums
                  | {rF++}
 16914 | Lair:3   | Found a staircase to the Snake Pit.
 17008 | Lair:3   | Found a staircase to the Shoals.
 18013 | Lair:4   | Reached skill level 10 in Fighting
 19096 | Lair:5   | Upgraded the game from 0.28-a0-803-g74956062c1 to
                  | 0.28-a0-821-g923ab73998
 19828 | Lair:5   | You fall into a shaft and drop 1 floor!
 19828 | Lair:6   | Entered Level 6 of the Lair of Beasts
 19828 | Lair:6   | Noticed Josephine
 19835 | Lair:6   | Killed Josephine
 19836 | Lair:6   | Reached XP level 14. HP: 122/122 MP: 13/13
 19918 | Lair:6   | Reached skill level 10 in Polearms
 19924 | Lair:6   | Found a frozen archway.
 19998 | IceCv    | Entered an ice cave
 20723 | IceCv    | Received a gift from Trog
 20772 | IceCv    | Reached skill level 10 in Armour
 21105 | IceCv    | Found an ancient bone altar of Kikubaaqudgha.
 21587 | IceCv    | Found the +4 skin of Zhor {*Englaciate rC+++ SInv}
 21965 | Lair:6   | Noticed Urug
 21986 | Lair:6   | Killed Urug
 22409 | Lair:6   | Found a staircase to the Slime Pits.
 22424 | Lair:6   | Noticed Rupert
 22454 | Lair:6   | Killed Rupert
 22904 | Lair:6   | Found a large runed translucent door.
 22905 | Lair:6   | Found a large runed translucent door.
 23231 | Lair:6   | Reached XP level 15. HP: 132/132 MP: 14/14
 23649 | Orc:1    | Killed an orc warlord
 24002 | Orc:2    | Found Vineth's Jewellery Shop.
 24033 | Orc:2    | Found Jyiluh's General Store.
 24057 | Orc:2    | Found Buqopops's Antique Weapon Shop.
 24148 | Orc:2    | Bought the ring "Judwa" {rElec Str+2 Int+6 Dex-2 SInv} for
                  | 1150 gold pieces
 24219 | Orc:2    | Found Xorynk Gaus's Antique Armour Shop.
 24280 | Orc:2    | Bought a glowing kite shield for 210 gold pieces
 24673 | Orc:1    | Found a runed translucent door.
 24764 | Orc:1    | Noticed an orc warlord
 24780 | Orc:1    | Killed an orc warlord
 24876 | Orc:1    | Noticed Qaid Lyn's ghost (journeyman MiTm)
 25182 | Orc:1    | Killed Qaid Lyn's ghost
 25629 | Shoals:1 | Entered Level 1 of the Shoals
 25964 | Shoals:1 | Found Jyboi's Assorted Antiques.
 26114 | Shoals:1 | Reached skill level 10 in Shields
 28571 | Shoals:2 | Found a runed translucent door.
 28640 | Shoals:2 | Reached skill level 10 in Dodging
 28661 | Shoals:2 | Reached XP level 16. HP: 64/141 MP: 15/15
 29402 | Shoals:3 | Noticed Roxanne
 29444 | Shoals:3 | Killed Roxanne
 29761 | Shoals:3 | Identified the +4 halberd of Taxeniun {freeze, rPois Int-5
                  | Dex+8}
 29931 | Shoals:3 | Upgraded the game from 0.28-a0-821-g923ab73998 to
                  | 0.28-a0-863-g8cecda6153
 30368 | Shoals:3 | Reached skill level 10 in Throwing
 31119 | Shoals:4 | Entered Level 4 of the Shoals
 31146 | Shoals:4 | Noticed Polyphemus
 31894 | Shoals:3 | Upgraded the game from 0.28-a0-863-g8cecda6153 to
                  | 0.28-a0-909-g796cbd3a86
 32508 | Shoals:4 | HP: 1/144 [merfolk impaler (47)]
 32508 | Shoals:4 | Slain by a merfolk impaler

Illustrated notes

Levels and vault maps discovered:
D:1:      matt_arrival_grand_opening, layout_rooms, serial_glass,
          glass_columns_a, glass_columns_c, glass_columns_c, glass_columns_b,
          glass_columns_a, glass_columns_b, due_unseen_surprise,
          feat_on_display, minmay_strange_pillars, feat_on_display
D:2:      layout_basic, basic_altar, shapermc_ecumenical_altar_gd,
          grunt_decor_cap, kennysheep_generic_room_10, uniq_natasha
D:3:      layout_loops_cross, okawaru_ov_weapons_minmay, gammafunk_ghost_split,
          corexii_corridor_pit, minmay_misc_feat_rows, minmay_fountain_box,
          uniq_robin
D:4:      layout_cave_pools, general_overflow_altar,
          minmay_temple_entry_statues_pillars, minmay_bisected
D:5:      layout_basic, lemuel_crystal_altar
D:6:      layout_cave_pools, mainiacjoe_overflow_alcove_2, cheibriados_altar_1,
          serial_shops, shop, enter_ossuary_5
D:7:      layout_loops_cross, elyvilon_altar_1, enter_bailey_4,
          chequers_serial_rivers_small_3, uniq_harold
D:8:      minmay_blocky_corners, layout_rooms, makhleb_grotto_becter,
          overflow_temple_1_default, lair_entry_dummy, serial_shops,
          nicolae_square_shop, serial_aquarium, aquarium_bridge_long_joined
          [aquarium_subvault_wall, aquarium_subvault_window,
          aquarium_subvault_bridge, aquarium_subvault_wall,
          aquarium_subvault_bridge, aquarium_subvault_bridge],
          aquarium_window_2, aquarium_window_1, aquarium_window_fake,
          aquarium_view_2b, aquarium_pool_side
D:9:      layout_cave_pools, kennysheep_mini
D:10:     minmay_angry_zag, layout_loops_ring, orc_0_dummy, serial_bayou_pond_d,
          corexii_hall_statues_l, kennysheep_another_room
Temple:   cyrus_circular_temple
Lair:1:   layout_layer_cave, basic_altar, fungi_pond_lemuel, minivault_24,
          grunt_forest_large_clearings
Lair:2:   layout_regular_city, minmay_holes, minmay_lindwurm_lava
Lair:3:   layout_cave_pods, shoals_dummy_entry, dummy_snake_entry
Lair:4:   layout_long_grid
Lair:5:   layout_cave_pods, roderic_batcave, grunt_megastairs_5,
          lemuel_fruit_tree
Lair:6:   cheibrodos_lair_end_hotspot, layout_gridlike, slime_dummy,
          portal_ice_cave_entry_ice_simulacra, nzn_sisyphean_effort,
          infiniplex_staircase_pool_2, uniq_rupert, uniq_josephine, uniq_urug
Shoals:1: layout_shoals, serial_shops, shop
Shoals:2: layout_shoals, lightli_airlock
Shoals:3: layout_shoals, nicolae_shoals_beach_house_on_fowls_legs, uniq_roxanne
Shoals:4: shoals_end_grunt_garden, layout_shoals, shoal_ilsuiw, uniq_polyphemus
Orc:1:    nicolae_orc_accident_3, layout_diamond_mine,
          ebering_ghost_reflecting_pool
Orc:2:    grunt_orc_cross, layout_caves, hellmonk_bongcloud_opening, rock_pile

Skill      XL: |  1  2  3  4  5  6  7  8  9 10 11 12 13 14 15 16 |
---------------+-------------------------------------------------+-----
Polearms       | 4 5 6 7 8 9 11 12 13 | 13.4
Fighting       | 4 5 6 7 9 10 11 12 13 | 13.3
Axes           | 1 2 3 5 6 7 8 10 11 12 13 | 13.1
Slings         | 1 2 4 5 6 8 9 10 11 12 13 | 13.0
Shields        | 1 2 3 4 5 6 7 8 9 10 11 | 11.7
Throwing       | 1 2 3 5 6 7 8 9 10 | 10.0
Armour         | 3 4 5 6 7 8 9 10 11 | 11.5
Evocations     | 1 2 3 4 5 6 7 8 |  8.4
Dodging        | 3 4 5 6 7 8 9 10 | 10.2
Maces & Flails | 1 2 |  2.2

Action                   |  1- 3 |  4- 6 |  7- 9 | 10-12 | 13-15 | 16-18 || total
-------------------------+-------+-------+-------+-------+-------+-------++-------
Melee: Spear             |    83 |    35 |    16 |     1 |       |       ||   135
       Headbutt          |     9 |     8 |    19 |    84 |   197 |    42 ||   359
       Hand axe          |       |    53 |   126 |       |       |       ||   179
       Mace              |       |       |     9 |       |       |       ||     9
       Broad axe         |       |       |    10 |   187 |   127 |     3 ||   327
       Trident           |       |       |       |   128 |   169 |       ||   297
       Flail             |       |       |       |    31 |    22 |       ||    53
       Demon trident     |       |       |       |       |   515 |   147 ||   662
 Fire: Hunting sling     |       |    37 |   201 |   284 |   659 |   100 ||  1281
Throw: Stone             |    63 |     6 |       |       |       |       ||    69
       Boomerang         |       |     4 |     6 |    29 |    45 |       ||    84
       Dart              |       |       |    44 |    27 |    83 |     8 ||   162
       Throwing net      |       |       |       |     4 |     1 |       ||     5
       Javelin           |       |       |       |       |     2 |       ||     2
Invok: Berserk           |     1 |     5 |     3 |     7 |    16 |     2 ||    34
       Trog's Hand       |       |     5 |     4 |     9 |    25 |     8 ||    51
       Brothers in Arms  |       |       |     2 |     4 |    15 |     4 ||    25
Evoke: Wand              |       |       |       |    13 |       |     1 ||    14
       Tin of tremorston |       |       |       |     2 |     2 |     2 ||     6
  Use: Scroll            |       |     6 |     7 |    12 |    14 |     6 ||    45
       Potion            |       |       |     3 |       |     2 |     7 ||    12
 Stab: Held in net/web   |       |       |       |       |     1 |       ||     1
Armor: Plate armour      |    18 |    71 |    90 |       |       |       ||   179
       Fire dragon scale |       |       |     9 |   227 |   269 |    81 ||   586
Dodge: Dodged            |     8 |    31 |    49 |   257 |   255 |    88 ||   688
Block: Buckler           |     3 |    16 |    35 |   125 |   104 |       ||   283
       Tower shield      |       |       |       |       |    57 |       ||    57
       Reflection        |       |       |       |       |    20 |    43 ||    63
       Kite shield       |       |       |       |       |   284 |   183 ||   467

Table legend: (Time is in decaauts)
 A = Elapsed time spent in this place.
 B = Non-inter-level travel time spent in this place.
 C = Inter-level travel time spent in this place.
 D = Time resting spent in this place.
 E = Time spent auto-exploring this place.
 F = Levels seen in this place.
 G = Mean time per level.
                   A        B        C        D        E       F      G
               +--------+--------+--------+--------+--------+-----+--------+
         Total |  32227 |  30200 |   2027 |      0 |  23578 |  27 | 1193.6 |
       Dungeon |   9652 |   8832 |    820 |      0 |   6908 |  10 |  965.2 |
        Temple |     61 |     61 |      0 |      0 |     43 |   1 |   61.0 |
          Lair |   9094 |   8409 |    685 |      0 |   6788 |   6 | 1515.7 |
        Shoals |   6691 |   6434 |    257 |      0 |   5254 |   4 | 1672.8 |
  Orcish Mines |   4080 |   3815 |    265 |      0 |   2793 |   2 | 2040.0 |
         Abyss |     40 |     40 |      0 |      0 |      0 |   1 |   40.0 |
       Ossuary |    280 |    280 |      0 |      0 |    107 |   1 |  280.0 |
        Bailey |    512 |    512 |      0 |      0 |    202 |   1 |  512.0 |
      Ice Cave |   1812 |   1812 |      0 |      0 |   1482 |   1 | 1812.0 |
               +--------+--------+--------+--------+--------+-----+--------+

Top non-repeatable levels by time:
Shoals:3: 3023 daAuts
   Orc:1: 2642 daAuts
Shoals:2: 2334 daAuts
  Lair:2: 2116 daAuts
   IceCv: 1812 daAuts
  Lair:6: 1711 daAuts
  Lair:3: 1703 daAuts
     D:8: 1507 daAuts
   Orc:2: 1437 daAuts
  Lair:4: 1430 daAuts
  Lair:1: 1394 daAuts
     D:7: 1384 daAuts
Shoals:1: 1270 daAuts
     D:2: 1245 daAuts
     D:3: 1180 daAuts
